 Dungeon Crawl Stone Soup version 0.31-a0-217-g58bb5d79cf (webtiles) character file.

Game seed: 3747166710428092035

27 qw the Shield-Bearer (level 3, -1/23 HPs)
             Began as a Gargoyle Fighter on July 2, 2023.
             Slain by a gnoll
             ... wielding a +0 whip
              (2 damage)
             ... on level 2 of the Dungeon.
             The game lasted 00:00:30 (920 turns).

qw the Shield-Bearer (Gargoyle Fighter)              Turns: 920, Time: 00:00:31

Health: -1/23      AC: 10    Str: 21    XL:     3   Next: 10%
Magic:  3/3        EV:  8    Int:  8    God:
Gold:   51         SH:  8    Dex:  9    Spells: 2/2 levels left

rFire   . . .        a - +0 war axe
rCold   . . .        f - +0 kite shield
rNeg    + . .        b - +0 scale mail
rPois   inf          (no helmet)
rElec   +            (no cloak)
rCorr   .            (no gloves)
SInv    .            (no boots)
Will    .....        (no amulet) Stlth
                     (no ring)
HPRegen 0.23/turn    (no ring)
MPRegen 0.08/turn

%: no passive effects
@: no status effects
A: sickness immunity, AC +3, negative energy resistance 1, electricity
resistance, torment resistance 1, petrification resistance
a: no special abilities


You were on level 2 of the Dungeon.
You visited 1 branch of the dungeon, and saw 2 of its levels.

You collected 51 gold pieces.


Innate Abilities, Weirdness & Mutations

You are immune to sickness and miasma.
Your stone body is resilient. (AC +3)
You are immune to poison.
You resist negative energy. (rN+)
You are resistant to electric shocks. (rElec)
You are resistant to unholy torment.
You are immune to petrification.


   Skills:
 - Level 3.2 Fighting
 - Level 3.0 Axes
 - Level 3.2 Armour
 + Level 3.4 Shields


You had 2 spell levels left.
You didn't know any spells.
Your spell library was empty.

Inventory:

Hand Weapons
 a - a +0 war axe (weapon)
 e - a +0 club
Armour
 b - a +0 scale mail (worn)
 f - a +0 kite shield (worn)
Potions
 d - a potion of might
 g - a potion of degeneration {unknown}

Dungeon Overview and Level Annotations

Branches:
Dungeon (2/15)

Altars:

Annotations:
D:1 exclusion: kobold


Message History

You climb downwards.
The hobgoblin shouts!
You hear a shout! x3
There is a stone staircase leading up here.
A hobgoblin is nearby!
Waypoint 1 assigned to D:2.
A gnoll comes into view. It is wielding a +0 spear.
910 ||| Stepping ~*~*~tactically~*~*~ (stealth).
A worm comes into view.
A gnoll comes into view. It is wielding a +0 flail.
A gnoll comes into view. It is wielding a +0 whip.
You closely miss the hobgoblin.
The gnoll shouts!
You block the hobgoblin's attack.
You slash the hobgoblin!
You kill the hobgoblin!
A gnoll comes into view. It is wielding a +0 club.
The gnoll moves out of view.
You have reached level 3!
Your experience leads to an increase in your attributes!
Increase (S)trength, (I)ntelligence, or (D)exterity?
You feel stronger. x2
You slash the worm!
The worm is heavily wounded.
The worm bites you.
You barely miss the worm.
The worm is moderately wounded.
The worm bites you!
You hit the worm.
The worm is severely wounded.
You slash the worm!
You kill the worm!
The gnoll hits you with a +0 whip. The gnoll barely misses you.
You hit the gnoll but do no damage. You block the gnoll's attack.
You closely miss the gnoll. x2
You block the gnoll's attack. x2; The gnoll hits you with a +0 flail!
The gnoll barely misses you.
The gnoll hits you from afar with a +0 spear.
The gnoll hits you with a +0 whip.
You die...

## .. .
..###.###
......#.#
.....ggg#
##@####.#
#<......#
#g.g...###..##
#..#.#.# .# #
#.#.. # # ##.
.# .# ##


You could see 3 gnolls.

Vanquished Creatures
  A worm (D:2)
  A dart slug (D:1)
  An endoplasm (D:1)
  A giant cockroach (D:1)
  4 hobgoblins
  3 kobolds (D:1)
  A quokka (D:1)
  A ball python (D:1)
  3 bats (D:1)
  2 frilled lizards (D:1)
  A goblin (D:1)
  4 rats (D:1)
23 creatures vanquished.

Notes
Turn   | Place    | Note
-------+----------+-------------------------------------------
     0 | D:1      | qw the Gargoyle Fighter began the quest for the Orb.
     0 | D:1      | Reached XP level 1. HP: 14/14 MP: 1/1
     0 | D:1      | 0 ||| qw: Version: 0.3-a-40-ge99b1a8
     0 | D:1      | 0 ||| qw: Game counter: 232
     0 | D:1      | 0 ||| qw: Melee chars always use a shield: true
     0 | D:1      | 0 ||| qw: God list: Okawaru
     0 | D:1      | 0 ||| qw: Allow faded altars: false
     0 | D:1      | 0 ||| qw: Do Orc after clearing Dungeon:15 true
     0 | D:1      | 0 ||| qw: Do second Lair branch before Depths: true
     0 | D:1      | 0 ||| qw: Lair rune preference: random
     0 | D:1      | 0 ||| qw: Goals: Normal, Zot:1-4, Slime:5, God:TSO, Crypt,
                  | Tomb, Abyss, Pan, Hells, Win
     0 | D:1      | 0 ||| PLANNING D:1-11
    75 | D:1      | 75 ||| Stepping ~*~*~tactically~*~*~ (hiding).
    79 | D:1      | 79 ||| Stepping ~*~*~tactically~*~*~ (hiding).
   170 | D:1      | Found a faded altar of an unknown god.
   180 | D:1      | Reached XP level 2. HP: 19/19 MP: 2/2
   235 | D:1      | 235 ||| Stepping ~*~*~tactically~*~*~ (stealth).
   236 | D:1      | 236 ||| Stepping ~*~*~tactically~*~*~ (stealth).
   382 | D:1      | 382 ||| Stepping ~*~*~tactically~*~*~ (hiding).
   724 | D:1      | Reached skill level 3 in Axes
   886 | D:1      | 886 ||| UPGRADING to +0 kite shield.
   896 | D:1      | 896 ||| DROPPING +0 buckler.
   910 | D:2      | 910 ||| Stepping ~*~*~tactically~*~*~ (stealth).
   915 | D:2      | Reached XP level 3. HP: 23/23 MP: 3/3
   920 | D:2      | HP: 5/23 [gnoll/+0 flail (7)]
   920 | D:2      | HP: 1/23 [gnoll/+0 spear (4)]
   920 | D:2      | Slain by a gnoll

Levels and vault maps discovered:
D:1:      dpeg_arrival_rhombus, layout_loops_ring,
          ebering_ecumenical_altar_ruins
D:2:      layout_basic, uniq_natasha

Skill      XL: |  1  2 |
---------------+-------+-----
Axes           | 2 3 |  3.0
Fighting       | |  3.2
Armour         | |  3.2
Shields        | |  3.4

Action                     || total
---------------------------++-------
  Melee: War axe           ||    67
 Armour: Scale mail        ||    30
  Dodge: Dodged            ||    32
  Block: Buckler           ||    12
         Kite shield       ||     4

Table legend:
 A = Non-vault XP
 B = Vault XP
 C = Vault XP percentage of total XP
 D = Non-vault monster count
 E = Vault monster count
 F = Vault count percentage of total count
                 A         B        C        D         E       F
            +---------+---------+-------+---------+---------+-------
      Total |      39 |       0 |   0.0 |      23 |       0 |   0.0
            +---------+---------+-------+---------+---------+-------
        D:1 |      32 |       0 |   0.0 |      21 |       0 |   0.0
        D:2 |       7 |       0 |   0.0 |       2 |       0 |   0.0
            +---------+---------+-------+---------+---------+-------
